 Dungeon Crawl Stone Soup version 0.23.2-33-g5129a83184 (webtiles) character file.

Game seed: 12381309263274786898

1178 Atelerd the Magician (level 8, -8/46 HPs)
             Began as an Octopode Conjurer on July 11, 2019.
             Was an Initiate of Sif Muna.
             Mangled by an ogre
             ... wielding a +0 giant club
              (21 damage)
             ... on level 5 of the Dungeon.
             The game lasted 00:10:53 (6928 turns).

Atelerd the Magician (Octopode Conjurer)            Turns: 6928, Time: 00:10:54

Health: -8/46      AC:  1    Str:  8    XL:     8   Next: 41%
Magic:  0/18       EV: 13    Int: 19    God:    Sif Muna [......]
Gold:   154        SH:  5    Dex: 12    Spells: 11/20 levels left

rFire    . . .     SeeInvis .   i - +1 whip (venom)
rCold    . . .     Gourm    .   e - +0 buckler
rNeg     . . .     Faith    .   (helmet restricted)
rPois    .         Spirit   .   (no amulet)
rElec    .         Reflect  .   (no ring)
rCorr    .         Harm     .   (no ring)
MR       .....                  (no ring)
Stlth    +++.......             (no ring)
HPRegen  0.15/turn              (no ring)
MPRegen  0.16/turn              (no ring)
                                (no ring)
                                (no ring)

@: slowed, very slow
A: almost no armour, stealthy swim, amphibious, 8 rings, constrict 8, camouflage
1, gelatinous body 1
a: Renounce Religion


You were on level 5 of the Dungeon.
You worshipped Sif Muna.
Sif Muna was noncommittal.
You were hungry.

You visited 2 branches of the dungeon, and saw 6 of its levels.

You collected 154 gold pieces.

Inventory:

Hand Weapons
 c - a +0 hand axe
 i - a +1 whip of venom (weapon)
Missiles
 n - 2 javelins (quivered)
Armour
 e - a +0 buckler (worn)
Jewellery
 b - an uncursed ring of fire
Scrolls
 a - a scroll of enchant armour {unknown}
 d - 3 scrolls of remove curse {unknown}
 f - 2 scrolls of noise {unknown}
 g - 6 scrolls of identify {unknown}
 j - 2 scrolls of magic mapping {unknown}
 k - a scroll of enchant weapon {unknown}
 o - a scroll of amnesia {unknown}
 s - a scroll of teleportation {unknown}
Potions
 h - a potion of degeneration {unknown}
 l - 2 potions of might {unknown}
 p - a potion of mutation {unknown}
 q - 3 potions of brilliance {unknown}
Comestibles
 m - 3 rations
 r - a chunk of flesh


   Skills:
 - Level 2.0 Dodging
 - Level 2.6 Stealth
 - Level 4.0 Shields
 * Level 6.8 Spellcasting
 + Level 6.4 Conjurations


You had 11 spell levels left.
You knew the following spells:

 Your Spells              Type           Power        Failure   Level  Hunger
a - Magic Dart            Conj           ####         1%          1    None
b - Iskenderun's Mystic   Conj           ####....     8%          4    ###....
c - Force Lance           Conj/Tloc      ###.....     26%         4    ###....

Your spell library contained the following spells:

 Spells                   Type           Power        Failure   Level  Hunger
 Searing Ray              Conj           ####..       1%          2    None
 Dazzling Spray           Conj/Hex       ###...       9%          3    #......
 Fulminant Prism          Conj/Hex       ###.......   26%         4    ###....


Dungeon Overview and Level Annotations

Branches:
Dungeon (5/15)             Temple (1/1) D:4

Altars:
Ashenzari
Cheibriados
Elyvilon
Fedhas
Gozag
Hepliaklqana
Makhleb
Qazlal
Sif Muna
Trog
Uskayaw
Vehumet
Yredelemnul
Zin
The Shining One

Shops:
D:5 (

Annotations:
D:3 exclusion: 2 downstairs
D:4 exclusion: downstairs


Innate Abilities, Weirdness & Mutations

You cannot wear most types of armour.
You are very stealthy in the water. (Stealth+)
You are amphibious.
You can wear up to eight rings at the same time.
You can use your tentacles to constrict eight enemies at once.
Your skin changes colour to match your surroundings (Stealth+).
Your rubbery body absorbs attacks. (AC +1, EV +1)


Message History

Aim: an ogre, wielding a +0 giant club (lightly wounded, poisoned)
The magic dart hits the ogre.
The ogre is moderately wounded.
The ogre hits you with a +0 giant club!
* * * LOW HITPOINT WARNING * * *
Okay, then.
Casting: Magic Dart (safe; 1% risk of failure)
Confirm with . or Enter, or press ? or * to list all spells.
You don't have enough magic to cast that spell.
Unknown command.
Okay, then.
Casting: Magic Dart (safe; 1% risk of failure)
Confirm with . or Enter, or press ? or * to list all spells.
Aiming: Magic Dart (safe; 1% risk of failure)
Press: ? - help, Shift-Dir - straight line, f/p - ogre
Aim: an ogre, wielding a +0 giant club (moderately wounded, poisoned)
The magic dart hits the ogre.
The ogre is moderately wounded.
The ogre hits you with a +0 giant club!!
You die...

######.####
#.........#
###########
##.####.##.#
#...o.O...#
.<..o...##.#
#.#######.#
.#.###..##.####.#####
#o#
.#.###†..ooo........#
#O#
.#.##......####.###.#
#.# .#.###†..#.#
#o###.###.#
.#......$..#
#.@O)...$.#
.######.####
#####.##### # #.# #.#
#+# #.# #.. #.# #.#
..#


You could see an ogre and an orc wizard.

Vanquished Creatures
  Eustachio (D:5)
  Duvessa (D:4)
  An ice beast (D:5)
  A phantom (D:4)
  An ogre (D:4)
  Dowan (D:4)
  2 scorpions (D:4)
  A jelly (D:5)
  2 orc priests (D:4)
  3 orc wizards
  4 worker ants
  2 hound skeletons
  3 gnolls (D:3)
  7 adders
  A shadow imp (D:5)
  2 oozes (D:2)
  2 adder skeletons
  3 worms
  2 dart slugs
  2 leopard geckos
  10 orcs
  3 ball pythons
  3 giant cockroaches
  8 goblins
  13 hobgoblins
  10 jackals
  6 bats
  8 frilled lizards
  6 kobolds
  A leopard gecko skeleton (D:4)
  10 rats
120 creatures vanquished.

Notes
Turn   | Place    | Note
-------+----------+-------------------------------------------
     0 | D:1      | Atelerd the Octopode Conjurer began the quest for the Orb.
     0 | D:1      | Reached XP level 1. HP: 11/11 MP: 3/3
   422 | D:1      | Reached XP level 2. HP: 17/17 MP: 5/5
  1207 | D:2      | Reached XP level 3. HP: 2/21 MP: 7/7
  1615 | D:2      | Reached skill level 1 in Shields
  1767 | D:2      | Reached XP level 4. HP: 19/27 MP: 5/8
  2482 | D:2      | Learned a level 4 spell: Iskenderun's Mystic Blast
  2487 | D:2      | Learned a level 4 spell: Force Lance
  2941 | D:2      | Noticed an Executioner
  2942 | D:2      | Found a burning altar of Makhleb.
  2959 | D:2      | Found a glowing silver altar of Zin.
  2959 | D:2      | Noticed an angel
  3274 | D:2      | Reached XP level 5. HP: 29/31 MP: 10/10
  4495 | D:4      | Noticed an ogre
  4502 | D:4      | Killed an ogre
  4502 | D:4      | Reached skill level 5 in Conjurations
  4502 | D:4      | Reached XP level 6. HP: 36/36 MP: 2/12
  4614 | D:4      | Noticed a phantom
  4657 | D:4      | Killed a phantom
  4753 | D:4      | Noticed Duvessa
  4753 | D:4      | Noticed Dowan
  5226 | D:4      | Killed Duvessa
  5226 | D:4      | Reached skill level 5 in Spellcasting
  5226 | D:4      | Reached XP level 7. HP: 27/41 MP: 3/14
  5240 | D:4      | Killed Dowan
  5839 | D:4      | Found a blossoming altar of Fedhas.
  6053 | D:4      | Found a staircase to the Ecumenical Temple.
  6277 | D:5      | Entered Level 5 of the Dungeon
  6406 | D:5      | Found Guzyrr's Antique Weapon Boutique.
  6442 | D:5      | Reached XP level 8. HP: 44/46 MP: 4/17
  6589 | D:5      | Noticed Eustachio
  6602 | D:5      | Killed Eustachio
  6767 | Temple   | Entered the Ecumenical Temple
  6788 | Temple   | Became a worshipper of Sif Muna the Loreminder
  6928 | D:5      | Mangled by an ogre

Skill      XL: |  1  2  3  4  5  6  7 |
---------------+----------------------+-----
Spellcasting   | 3 4 5 6 |  6.8
Shields        | 1 2 3 4 |  4.0
Conjurations   | 5 6 |  6.4
Dodging        | |  2.0
Stealth        | |  2.6

Action                   |  1- 3 |  4- 6 |  7- 9 || total
-------------------------+-------+-------+-------++-------
Melee: Unarmed           |     7 |       |       ||     7
       Hand axe          |    34 |    15 |       ||    49
       Constrict         |     9 |    24 |    18 ||    51
       Tentacles         |     3 |    10 |    10 ||    23
       Whip              |       |    81 |    68 ||   149
 Cast: Magic Dart        |    25 |    26 |    20 ||    71
       Iskenderun's Myst |       |    14 |    24 ||    38
 Stab: Sleeping          |     8 |    16 |     1 ||    25
  Eat: Chunk             |     2 |     4 |     8 ||    14
       Ration            |       |     3 |       ||     3
Armor: Skin              |     4 |     5 |     1 ||    10
Dodge: Dodged            |    42 |    44 |    60 ||   146
Block: Buckler           |     1 |    10 |    22 ||    33
